 Dungeon Sprint DCSS version 0.29-a0-582-ge82337ba6a (webtiles) character file.

Game seed: 14650379488747149914

412 mhtbhm the Summoner (level 6, 0/20 (28) HPs)
             Began as a Vine Stalker Summoner on June 15, 2022.
             Succumbed to Sonja's curare-tipped dart
             ... in the Dungeon (Sprint I: "Red Sonja").
             The game lasted 00:02:27 (456 turns).

mhtbhm the Summoner (Vine Stalker Summoner)          Turns: 456, Time: 00:02:28

HP:   0/20 (28)     AC:  6    Str: 10    XL:     6   Next: 90%
MP:   3/16          EV: 12    Int: 17    God:
Gold: 162           SH:  0    Dex: 15    Spells: 4/17 levels left

rFire   + . .      SeeInvis .     - Unarmed
rCold   . . .      Faith    .   (no shield)
rNeg    . . .      Spirit   +   a - +3 leather armour {rF+}
rPois   .          Reflect  .   (no helmet)
rElec   .          Harm     .   (no cloak)
rCorr   .          Rampage  .   (no gloves)
Will    .....      NoTele   +   (no boots)
Stlth   +++.......              (no amulet)
HPRegen 0.86/turn               (no ring)
MPRegen 0.15/turn               (no ring)

@: lethally poisoned (0 -> -9), slowed, very heavily drained, very slow
A: fangs 2, regeneration 1, magic shield, antimagic bite, no potion heal 2
a: no special abilities


You were in the Dungeon.
You visited 1 branch You collected 162 gold pieces.

Inventory:

Armour
 a - a +3 leather armour of fire resistance (worn)
Wands
 d - a wand of charming (2)
Potions
 b - 2 potions of magic
 c - a potion of curing


   Skills:
 + Level 0.8 Armour
 + Level 3.0 Dodging
 + Level 5.0 Stealth
 + Level 2.3 Unarmed Combat
 + Level 6.3 Spellcasting
 + Level 12.3 Summonings
 + Level 0.2 Air Magic


You had 4 spell levels left.
You knew the following spells:

 Your Spells              Type           Power      Damage    Failure   Level
a - Summon Small Mammal   Summ           100%       N/A       1%          1
b - Call Imp              Summ           47%        N/A       1%          2
c - Call Canine Familiar  Summ           47%        N/A       1%          3
d - Summon Guardian Gole  Hex/Summ       26%        N/A       4%          3
e - Summon Lightning Spi  Summ/Air       26%        N/A       13%         4

Your spell library contained the following spells:

 Spells                   Type           Power      Damage    Failure   Level


Dungeon Overview and Level Annotations

Branches:
Dungeon (1/1)

Altars:
Cheibriados
Dithmenos
Elyvilon
Fedhas
Gozag
Hepliaklqana
Kikubaaqudgha
Okawaru
Qazlal
Ru
Sif Muna
Trog
Uskayaw
Vehumet
Wu Jian
Yredelemnul
Zin
The Shining One

Shops:
D (

Annotations:
D Sonja


Innate Abilities, Weirdness & Mutations

You have extremely sharp teeth.
Your natural rate of healing is unusually fast.
When hurt, damage is shared between your health and your magic reserves.
Your bite disrupts and absorbs the magic of your enemies.
Potions cannot restore your health.


Message History

Your wolf's corpse disappears in a puff of smoke!
Unknown command.
Press < or > to pray at altars.
Casting: Summon Small Mammal (safe; 1% risk of failure)
Confirm with . or Enter, or press ? or * to list all spells.
The spell is quite dangerous to miscast (4% risk of failure)!
Continue anyway?
A guardian golem appears, shielding your allies.
Sonja hits your quokka with a +0 dagger of draining!
Sonja hits your quokka with a +0 dagger of draining.
Your quokka dies!
Your quokka's corpse disappears in a puff of smoke!
Unknown command.
Press < or > to pray at altars.
Casting: Summon Guardian Golem (quite dangerous; 4% risk of failure)
Confirm with . or Enter, or press ? or * to list all spells.
You don't know that spell.
Unknown command.
Press < or > to pray at altars.
Unknown command.
Press < or > to pray at altars.
Unknown command.
Press < or > to pray at altars.
Casting: Summon Guardian Golem (quite dangerous; 4% risk of failure)
Confirm with . or Enter, or press ? or * to list all spells.
Sonja throws a curare-tipped dart.
The curare-tipped dart completely misses your crimson imp.
The curare-tipped dart hits you.
You are poisoned.
You have difficulty breathing.
You feel yourself slow down.
Sonja throws a curare-tipped dart.
The curare-tipped dart barely misses your crimson imp.
The curare-tipped dart hits you.
You are lethally poisoned!
You have difficulty breathing.
* * * LOW HITPOINT WARNING * * *
You feel as though you will be slow longer.
Your crimson imp blinks!
Unknown command.
Press < or > to pray at altars.
You die...

################
#<.#..').#..'..#
#..[..#..').#..+
#..#####'#####'#
#..# #..# #)#
#..#__#### ##$#
#..#_____##+#h.+
#⌠⌠#_.∩..†K..9_#
####_..__##_.#@#
#____ ##'#?#
#### #.### $.$
$.$# ##.## #+#


You could see Sonja (ally target), a friendly guardian golem (summoned) and a
friendly wolf (summoned, sheltered).

Vanquished Creatures
  Ijyb (D)
1 creature vanquished.

Vanquished Creatures (collateral kills)
  A yak (D)
  Sigmund (D)
  An ogre (D)
  A jelly (D)
4 creatures vanquished.

Grand Total: 5 creatures vanquished

Notes
Turn   | Place    | Note
-------+----------+-------------------------------------------
     0 | D        | mhtbhm the Vine Stalker Summoner began the quest for the
                  | Orb.
     0 | D        | Reached XP level 1. HP: 9/9 MP: 4/4
     4 | D        | Noticed Ijyb
    15 | D        | Killed Ijyb
    16 | D        | Reached skill level 6 in Summonings
    16 | D        | Reached XP level 2. HP: 13/13 MP: 4/6
    16 | D        | Reached XP level 3. HP: 16/16 MP: 5/8
    67 | D        | Learned a level 2 spell: Call Imp
    71 | D        | Learned a level 3 spell: Call Canine Familiar
    91 | D        | Noticed an ogre
    97 | D        | Killed an ogre
    98 | D        | Reached skill level 1 in Unarmed Combat
    98 | D        | Reached skill level 8 in Summonings
    98 | D        | Gained mutation: Your natural rate of healing is unusually
                  | fast. [Vine Stalker growth]
    98 | D        | Reached XP level 4. HP: 21/21 MP: 3/11
   103 | D        | Noticed Sigmund
   114 | D        | Killed Sigmund
   115 | D        | Reached skill level 5 in Spellcasting
   115 | D        | Reached skill level 10 in Summonings
   115 | D        | Reached XP level 5. HP: 24/24 MP: 1/13
   115 | D        | Reached XP level 6. HP: 28/28 MP: 1/14
   116 | D        | Learned a level 3 spell: Summon Guardian Golem
   423 | D        | Learned a level 4 spell: Summon Lightning Spire
   426 | D        | Found an ornate altar of the Wu Jian Council.
   426 | D        | Found a shimmering blue altar of Sif Muna.
   428 | D        | Found a radiant altar of Vehumet.
   433 | D        | Reached skill level 11 in Summonings
   436 | D        | Found Irpheh's Antique Weapon Emporium.
   436 | D        | Found an ancient bone altar of Kikubaaqudgha.
   436 | D        | Found a hazy altar of Hepliaklqana.
   436 | D        | Found a stormy altar of Qazlal.
   436 | D        | Found a hide-covered altar of Uskayaw.
   436 | D        | Found a blossoming altar of Fedhas.
   436 | D        | Found a bloodstained altar of Trog.
   436 | D        | Found an iron altar of Okawaru.
   436 | D        | Found a basalt altar of Yredelemnul.
   436 | D        | Found a glowing golden altar of the Shining One.
   436 | D        | Found a snail-covered altar of Cheibriados.
   436 | D        | Found a sacrificial altar of Ru.
   436 | D        | Found a glowing silver altar of Zin.
   436 | D        | Found a shadowy altar of Dithmenos.
   436 | D        | Found a white marble altar of Elyvilon.
   436 | D        | Noticed a yak
   443 | D        | Killed a yak
   444 | D        | Reached skill level 5 in Stealth
   444 | D        | Reached skill level 12 in Summonings
   444 | D        | Noticed Sonja
   448 | D        | Found an opulent altar of Gozag.
   456 | D        | Succumbed to Sonja's curare-tipped dart

Illustrated notes

Levels and vault maps discovered:
D:        dungeon_sprint_1 [red_sonja_temple_1, red_sonja_temple_small_1]

Skill      XL: |  1  2  3  4  5  6 |
---------------+-------------------+-----
Dodging        | 2 3 |  3.0
Stealth        | 3 4 5 |  5.0
Summonings     | 6 8 10 12 | 12.3
Unarmed Combat | 1 2 |  2.3
Spellcasting   | 4 5 6 |  6.3
Armour         | |  0.8
Air Magic      | |  0.2

Action                   |  1- 3 |  4- 6 || total
-------------------------+-------+-------++-------
Melee: Unarmed           |     7 |       ||     7
       Bite              |     1 |       ||     1
 Cast: Summon Small Mamm |     3 |     2 ||     5
       Call Canine Famil |     1 |     3 ||     4
       Call Imp          |     1 |     2 ||     3
       Summon Guardian G |       |     2 ||     2
       Summon Lightning  |       |     1 ||     1
  Use: Potion            |     2 |     1 ||     3
       Scroll            |       |     1 ||     1
Armor: Robe              |     1 |       ||     1
       Leather armour    |       |     1 ||     1
Dodge: Dodged            |     2 |       ||     2

Table legend: (Time is in decaauts)
 A = Elapsed time spent in this place.
 B = Non-inter-level travel time spent in this place.
 C = Inter-level travel time spent in this place.
 D = Time resting spent in this place.
 E = Time spent auto-exploring this place.
 F = Levels seen in this place.
 G = Mean time per level.
                   A        B        C        D        E       F      G
               +--------+--------+--------+--------+--------+-----+--------+
         Total |    456 |    456 |      0 |    321 |      0 |   1 |  456.0 |
       Dungeon |    456 |    456 |      0 |    321 |      0 |   1 |  456.0 |
               +--------+--------+--------+--------+--------+-----+--------+

Top non-repeatable levels by time:
       D: 456 daAuts
